 Dungeon Crawl Stone Soup version 0.28.0-53-g5a82cb258f (webtiles) character file.

Game seed: 17585564942847625727

217154 mortz the Devastator (level 18, -28/133 HPs)
             Began as a Grey Draconian Conjurer on June 24, 2022.
             Was the Champion of Qazlal.
             Killed by the raging water
             ... invoked by a water nymph
              (31 damage)
             ... on level 2 of the Shoals on June 28, 2022.
             The game lasted 05:41:55 (55410 turns).

mortz the Devastator (Grey Draconian Conjurer)     Turns: 55410, Time: 05:41:56

Health: -28/133    AC: 24    Str: 10      XL:     18   Next: 38%
Magic:  27/39      EV: 14    Int: 33 (35) God:    Qazlal [******]
Gold:   212        SH:  8    Dex: 10 (11) Spells: 22/51 levels left

rFire   + + .      SeeInvis .   p - +0 quarterstaff of Fimbulwinter {vorpal, rPois rN+, staff}
rCold   + . .      Faith    .   (shield currently unavailable)
rNeg    + . .      Spirit   .   (armour unavailable)
rPois   +          Reflect  .   (helmet restricted)
rElec   .          Harm     .   K - scarf {rC+ rF+}
rCorr   .          Rampage  .   W - +2 pair of gloves
Will    +....      Rage     1%  k - +2 pair of boots
Stlth   +.........              P - amulet of magic regeneration {@e2}
HPRegen 0.32/turn               z - ring "Ysuerhof" {Wiz rF+ Int+4}
MPRegen 0.66/turn               H - +6 ring of intelligence

@: about to teleport, protected from physical damage, mesmerised, repel missiles
A: AC +15, amphibious, unfitting armour, cold-blooded, berserk 1, deterioration
1
}: 1/15 runes: serpentine
a: Renounce Religion, Upheaval, Elemental Force, Disaster Area


You were on level 2 of the Shoals.
You worshipped Qazlal.
Qazlal was exalted by your worship.
You visited 5 branches of the dungeon, and saw 29 of its levels.
You also visited: Sewer.

You collected 2944 gold pieces.
You spent 2732 gold pieces at shops.


Innate Abilities, Weirdness & Mutations

Your dull iron-grey scales are very hard. (AC +15)
You are amphibious.
You cannot fit into any form of body armour.
You are cold-blooded and may be slowed by cold attacks.
You tend to lose your temper in combat.
Your body sometimes deteriorates upon taking damage.


   Skills:
 - Level 5.3 Fighting
 + Level 0.5 Short Blades
 + Level 1.1(4.0) Axes
 + Level 6.1(6.2) Polearms
 + Level 0.1(3.7) Staves
 - Level 9.0 Dodging
 + Level 5.0 Stealth
 - Level 6.6 Shields
 + Level 17.1 Spellcasting
 + Level 18.1 Conjurations
 - Level 5.2 Translocations
 - Level 0.7 Ice Magic
 * Level 16.0 Earth Magic
 + Level 11.2 Invocations
 + Level 1.1 Evocations


You had 22 spell levels left.
You knew the following spells:

 Your Spells              Type           Power      Damage    Failure   Level
a - Magic Dart            Conj           100%       1d8       0%          1
b - Searing Ray           Conj           100%       2d8       0%          2
c - Iskenderun's Mystic   Conj/Tloc      81%        2d16      1%          4
d - Iskenderun's Battles  Conj           99%        2d15      0%          5
e - Iron Shot             Conj/Erth      48%        9d9       1%          6
f - Passwall              Tmut/Erth      57%        N/A       1%          2
g - Lee's Rapid Deconstr  Erth           47%        3d23*     1%          5
h - Hailstorm             Conj/Ice       74%        3d15      1%          4

Your spell library contained the following spells:

 Spells                   Type           Power      Damage    Failure   Level
 Sandblast                Erth           100%       2d20      0%          1
 Stone Arrow              Conj/Erth      100%       3d13      0%          3
 Scorch                   Fire           56%        2d8       1%          2
 Call Canine Familiar     Summ           28%        N/A       1%          3
 Dazzling Flash           Conj/Hex       100%       N/A       1%          3
 Frozen Ramparts          Ice            66%        1d8       1%          3
 Gell's Gravitas          Tloc           58%        N/A       1%          3
 Lesser Beckoning         Tloc           58%        N/A       1%          3
 Portal Projectile        Hex/Tloc       90%        N/A       1%          3
 Teleport Other           Tloc           58%        N/A       1%          3
 Flame Wave               Conj/Fire      73%        2d13      1%          4
 Fulminant Prism          Conj/Hex       36%        3d18      1%          4
 Leda's Liquefaction      Hex/Erth       34%        N/A       1%          4
 Petrify                  Tmut/Erth      69%        N/A       1%          4
 Starburst                Conj/Fire      36%        6d11      1%          6
 Statue Form              Tmut/Erth      46%        N/A       3%          6
 Lehudib's Crystal Spear  Conj/Erth      48%        10d11     3%          8
 Ice Form                 Ice/Tmut       30%        N/A       4%          4
 Summon Ice Beast         Ice/Summ       30%        N/A       4%          4
 Spellforged Servitor     Conj/Summ      36%        N/A       12%         7
 Metabolic Englaciation   Hex/Ice        15%        N/A       13%         5
 Agony                    Necr           28%        N/A       16%         5
 Silence                  Hex/Air        14%        N/A       16%         5
 Shatter                  Erth           47%        3d36*     56%         9
 Summon Cactus Giant      Summ           14%        N/A       61%         6
 Chain Lightning          Conj/Air       36%        3d48      100%        9
 Fire Storm               Conj/Fire      36%        8d9       100%        9
 Animate Armour           Summ/Erth      Unusable   N/A       N/A         4

Inventory:

Hand Weapons
 a - a +4 scimitar of flaming {long}
   (You took it off an efreet on level 14 of the Dungeon)
 p - the +0 quarterstaff of Fimbulwinter (weapon) {vorpal, rPois rN+, staff}
   (You bought it in a shop on level 2 of the Orcish Mines)

   It inflicts extra damage upon your enemies.
   rPois:     It protects you from poison.
   rN:        It protects you from negative energy.
 q - a +4 trident of venom {polearm}
   (You took it off an orc on level 6 of the Dungeon)
 M - a +2 falchion of holy wrath {long}
   (You took it off an orc on level 10 of the Dungeon)
Armour
 d - a +0 buckler
   (You found it on level 12 of the Dungeon)
 k - a +2 pair of boots (worn)
   (You found it on level 2 of the Dungeon)
 v - a +2 cloak of stealth
   (You bought it in a shop on level 2 of the Orcish Mines)
 G - a +1 kite shield of positive energy
   (You took it off a naga warrior on level 1 of the Snake Pit)
 K - a scarf of resistance (worn)
   (You found it on level 1 of the Snake Pit)
 T - a +1 kite shield of protection
   (You took it off a naga warrior on level 4 of the Snake Pit)
 W - a +2 pair of gloves (worn)
   (You found it on level 6 of the Lair of Beasts)
Jewellery
 f - a ring of fire
   (You found it on level 1 of the Dungeon)
 z - the ring "Ysuerhof" (left hand) {Wiz rF+ Int+4}
   (You bought it in a shop on level 2 of the Snake Pit)

   [ring of wizardry]

   It improves your spell success rate.
   Int:       It affects your intelligence (+4).
   rF:        It protects you from fire.
 H - a +6 ring of intelligence (right hand)
   (You took it off a skeletal warrior on level 14 of the Dungeon)
 J - a +4 ring of protection
   (You found it on level 8 of the Dungeon)
 P - an amulet of magic regeneration (around neck) {@e2}
   (You found it on level 14 of the Dungeon)
 R - the ring of the Present {rPois rF+ rC+ Str+3 Dex-5}
   (You found it on level 5 of the Lair of Beasts)

   [ring of poison resistance]

   Str:       It affects your strength (+3).
   Dex:       It affects your dexterity (-5).
   rF:        It protects you from fire.
   rC:        It protects you from cold.
   rPois:     It protects you from poison.
 Z - a +6 ring of strength
   (You found it on level 15 of the Dungeon)
Wands
 y - a wand of iceblast (24)
   (You found it on level 5 of the Dungeon)
 A - a wand of paralysis (8)
   (You found it on level 12 of the Dungeon)
 C - a wand of acid (24)
   (You found it on level 6 of the Dungeon)
 D - a wand of mindburst (7)
   (You found it on level 6 of the Lair of Beasts)
 L - a wand of digging (3)
   (You took it off a naga warrior on level 1 of the Snake Pit)
 N - a wand of flame (21)
   (You found it on level 10 of the Dungeon)
 V - a wand of polymorph (11)
   (You found it on level 6 of the Lair of Beasts)
Scrolls
 c - 4 scrolls of amnesia
 e - 3 scrolls of fear
 g - 2 scrolls of vulnerability {!r!r}
 i - 3 scrolls of teleportation {@r4}
 l - 5 scrolls of enchant armour
 m - 4 scrolls of summoning
 n - 3 scrolls of fog
 o - 2 scrolls of magic mapping {!r}
 r - a scroll of holy word
 u - 3 scrolls of immolation {!r!r}
 B - 3 scrolls of identify {@r1}
 F - a scroll of blinking {!r}
 I - 2 scrolls of brand weapon
 Y - 2 scrolls of enchant weapon
Potions
 b - 10 potions of flight
 h - 2 potions of lignification {!q}
 j - 14 potions of curing {@q1}
 t - 2 potions of magic
 w - 4 potions of mutation {!q}
 x - a potion of resistance
 E - 6 potions of attraction {!q}
 Q - 2 potions of might
 S - 2 potions of cancellation
 U - 4 potions of haste {@q3}
 X - 2 potions of brilliance
Miscellaneous
 O - a tin of tremorstones (2/2) {throwing}
   (You found it on level 14 of the Dungeon)

Dungeon Overview and Level Annotations

Branches:
Dungeon (15/15)            Temple (0/1) D:4            Lair (6/6) D:9
 Shoals (2/4) Lair:2        Snake (4/4) Lair:3        Slime (0/5) Lair:5
    Orc (2/2) D:11            Elf (0/3) Orc:2        Vaults (0/5) D:14
 Depths (0/4) D:15          Sewer (visited)

Altars:
Ashenzari
Cheibriados
Dithmenos
Gozag
Hepliaklqana
Makhleb
Nemelex Xobeh
Qazlal
Sif Muna
Wu Jian
Xom
Zin
Beogh
Jiyva

Shops:
D:9 :   Orc:2 !*((:[(   Shoals:1 **   Snake:2 =:=   Snake:3 !

Portals:
Abyss: Lair:6

Annotations:
Lair:4 3 runed translucent doors, Brotato's ghost, journeyman DjCj
Lair:6 2 transporters, Saoll's ghost, journeyman TeWn
Snake:2 Asterion

,,≈≈≈≈≈≈,,............,,....,,*,,
,,≈≈≈≈≈≈≈.......,....##.....,,,≈,
,,,,≈≈≈≈≈.......##....#....≈,≈≈≈≈
,,,,≈≈≈≈≈≈≈......#......≈≈≈≈≈≈≈≈≈
,≈≈≈≈≈≈≈≈≈≈..≈......≈..≈≈≈≈≈≈≈≈≈≈
,,≈≈≈,.≈≈≈≈..≈≈.☼.>≈○≈§≈≈≈≈≈≈≈≈≈≈
,,≈≈≈.≈≈≈≈≈≈≈≈≈..##≈m○≈≈≈≈≈≈≈≈≈≈≈
,,≈≈≈≈≈≈≈≈≈≈≈≈≈.m...○≈≈≈≈≈≈≈≈≈≈≈≈
,≈≈≈≈≈≈≈≈≈≈≈≈≈≈≈@.○≈≈≈≈≈≈≈≈≈≈≈≈≈≈
,,(≈≈≈≈≈≈≈≈≈≈m≈○○E§...≈≈≈≈≈≈≈≈≈≈≈
,..m≈≈≈≈≈≈≈≈≈≈≈t≈≈.*...≈≈≈≈≈≈≈≈≈≈
,,m.≈≈≈≈≈≈≈≈≈m≈k≈≈......≈≈≈≈≈≈≈≈≈
,*#.≈≈≈≈≈≈≈≈≈≈≈≈≈........≈≈≈≈≈≈≈≈
###.≈≈≈m≈≈≈≈≈≈≈≈≈..##....≈≈≈≈≈≈≈≈
...≈≈≈≈≈≈≈≈c≈≈≈≈≈..#*....≈≈≈≈≈≈≈≈
≈≈≈≈≈≈≈≈≈≈≈≈≈≈≈≈≈....,..≈≈≈≈≈≈≈≈≈
≈≈≈≈≈≈≈≈.k≈≈≈≈≈≈≈≈....,,≈≈≈≈≈≈≈≈≈


You could see an alligator snapping turtle, a merfolk avatar (mesmerising), a
wind drake (repels missiles), 2 merfolk, a centaur warrior, a water elemental, a
water nymph and a friendly battlesphere.


Message History

You block the merfolk's attack.
The merfolk avatar chants its luring song.
The water elemental hits your battlesphere.
Floosh!
Casting: Magic Dart (safe; 0% risk of failure)
Confirm with . or Enter, or press ? or * to list all spells.
Aiming: Searing Ray (safe; 0% risk of failure)
Press: ? - help, Shift-Dir - straight line, f - water nymph
Aim: a water nymph (freezing vapour, heavily wounded, 76% to hit)
Okay, then.
Casting: Searing Ray (safe; 0% risk of failure)
Confirm with . or Enter, or press ? or * to list all spells.
You erupt in a blast of force!
The mystic blast hits the merfolk!!
The merfolk is knocked back by the mystic blast.
The mystic blast hits the water nymph!
You kill the water nymph!
Qazlal accepts your kill.
The mystic blast hits the merfolk!
The merfolk is knocked back by the mystic blast.
The merfolk collides with your battlesphere!
The mystic blast hits the water nymph!
The water nymph is knocked back by the mystic blast.
You hear a shout!
Your battlesphere fires!
The barrage of energy hits the merfolk!!
The wind drake flaps its wings at you. The air twists around and strikes you!!
* * * LOW HITPOINT WARNING * * *
Your body deteriorates!
You feel dopey.
The merfolk avatar chants its luring song.
The merfolk completely misses you.
You feel your dexterity returning. 😨 HP[-19] MP[-3]
You take 19 damage, and now have 41/133 hp.
You lost 3 mp, and now have 33/39 mp.
Casting: Iskenderun's Mystic Blast (safe; 1% risk of failure)
Confirm with . or Enter, or press ? or * to list all spells.
Okay, then.
Aiming: Magic Dart (safe; 0% risk of failure)
Press: ? - help, Q - select action, (/) - cycle Shift-Dir - straight line, f - merfolk avatar
Aim: a merfolk avatar (water, mesmerising, 100% to hit)
Okay, then.
Casting: Magic Dart (safe; 0% risk of failure)
Confirm with . or Enter, or press ? or * to list all spells.
You erupt in a blast of force!
The mystic blast hits the merfolk!
The merfolk is knocked back by the mystic blast.
The mystic blast hits the merfolk!!
You kill the merfolk!
Qazlal accepts your kill.
The pull of its song draws you forwards.
Your battlesphere fires!
The barrage of energy hits the merfolk!!
The merfolk avatar chants its luring song.
The water nymph flows with the water.
You block the merfolk's attack.
The water elemental closely misses you. 😨 HP[+1] MP[-3]
You lost 3 mp, and now have 30/39 mp.
As you read the scroll of teleportation {@r4}, it crumbles to dust.
You feel strangely unstable.
The pull of its song draws you forwards.
The merfolk closely misses you.
The merfolk avatar chants its luring song.
The merfolk hits you with a +0 trident.
* * * LOW HITPOINT WARNING * * *
The merfolk hits you from afar with a +0 trident.
* * * LOW HITPOINT WARNING * * *
The water elemental hits you.
* * * LOW HITPOINT WARNING * * *
The water elemental engulfs you in water! 😨 HP[-7]
You take 7 damage, and now have 35/133 hp.
Casting: Iskenderun's Mystic Blast (safe; 1% risk of failure)
Confirm with . or Enter, or press ? or * to list all spells.
You erupt in a blast of force!
The mystic blast hits the merfolk!!
You kill the merfolk!
Qazlal accepts your kill.
You hear a splash.
The mystic blast hits the merfolk!
The merfolk is knocked back by the mystic blast.
The mystic blast hits the alligator snapping turtle!!
The alligator snapping turtle is knocked back by the mystic blast.
The alligator snapping turtle collides with the wind drake!
The mystic blast hits the water elemental!!
The water engulfing you falls away.
The water elemental is knocked back by the mystic blast.
The mystic blast hits the merfolk but does no damage.
The pull of its song draws you forwards.
Your battlesphere fires!
The barrage of energy hits the water elemental!
The wind drake flaps its wings at you. The air twists around and strikes you!
* * * LOW HITPOINT WARNING * * *
The merfolk hits you with a +0 trident!!
* * * LOW HITPOINT WARNING * * *
Your body deteriorates!
You feel clumsy.
You feel protected from physical attacks.
The merfolk avatar chants its luring song.
The water nymph casts a spell at you. The water swirls and strikes you!!
You die...

Skill      XL: |  1  2  3  4  5  6  7  8  9 10 11 12 13 14 15 16 17 18 |
---------------+-------------------------------------------------------+-----
Conjurations   | 5 6 7 8 9 10 11 12 13 14 15 16 17 18 | 18.1
Dodging        | 2 3 4 5 6 7 8 9 |  9.0
Stealth        | 2 3 4 5 |  5.0
Spellcasting   | 3 4 5 6 7 8 9 10 12 13 14 15 16 17 | 17.1
Translocations | 1 3 4 5 |  5.2
Invocations    | 1 4 5 7 8 10 11 | 11.2
Fighting       | 1 2 3 4 5 |  5.3
Axes           | 1 |  1.1
Polearms       | 3 5 6 |  6.1
Shields        | 1 2 3 4 5 6 |  6.6
Earth Magic    | 2 5 7 9 10 12 13 15 16 | 16.0
Evocations     | 1 |  1.1
Short Blades   | |  0.5
Staves         | |  0.1
Ice Magic      | |  0.7

Action                   |  1- 3 |  4- 6 |  7- 9 | 10-12 | 13-15 | 16-18 || total
-------------------------+-------+-------+-------+-------+-------+-------++-------
Melee: Dagger            |     5 |       |       |    12 |       |       ||    17
       War axe           |     3 |     7 |     1 |       |       |       ||    11
       Mace              |       |       |    14 |       |       |       ||    14
       Tailslap          |       |       |     7 |    23 |     7 |     5 ||    42
       Punch             |       |       |     1 |     1 |     1 |       ||     3
       Trident           |       |       |     5 |   115 |    58 |       ||   178
       Quarterstaff      |       |       |       |       |       |    14 ||    14
 Cast: Magic Dart        |    47 |    65 |    78 |   230 |   436 |   242 ||  1098
       Searing Ray       |    10 |    48 |    74 |    51 |   146 |   147 ||   476
       Iskenderun's Myst |       |       |     9 |    55 |   100 |   145 ||   309
       Iskenderun's Batt |       |       |       |    50 |   149 |   153 ||   352
       Lee's Rapid Decon |       |       |       |       |    19 |     6 ||    25
       Iron Shot         |       |       |       |       |     9 |   137 ||   146
       Hailstorm         |       |       |       |       |     2 |    13 ||    15
       Passwall          |       |       |       |       |       |     1 ||     1
Invok: Upheaval          |       |       |     1 |       |       |     1 ||     2
       Elemental Force   |       |       |       |       |     1 |     1 ||     2
Evoke: Wand              |       |       |       |       |     2 |     6 ||     8
  Use: Scroll            |       |       |    10 |     7 |    20 |     9 ||    46
       Potion            |       |       |       |     1 |     2 |     4 ||     7
Armor: Skin              |     1 |    13 |    50 |   103 |   194 |   251 ||   612
Dodge: Dodged            |    14 |     8 |    51 |   115 |   263 |   359 ||   810
       Repelled          |       |       |       |     5 |     3 |    64 ||    72
Block: Other             |       |     1 |    12 |    67 |    84 |   203 ||   367
       Buckler           |       |       |       |       |   160 |       ||   160

Levels and vault maps discovered:
D:1:      eino_arrival_water_cross, layout_basic,
          hellmonk_ecumenical_altar_arch_garden, st_stairs_3,
          grunt_decor_junction, minmay_misc_feat_five
D:2:      layout_basic, kennysheep_generic_room_2, uniq_natasha, uniq_robin
D:3:      layout_basic, lemuel_coloured_pillars_altar
D:4:      layout_gridville, general_overflow_altar,
          minmay_temple_entry_poolview, uniq_grinder
D:5:      layout_loops_corners, gup_sewer_entry_spiral, uniq_menkaure
D:6:      layout_basic, pdpol_wu_jian_five_deadly_venoms,
          mainiacjoe_overflow_large_starburst, patterned_corridor
D:7:      layout_basic, demons_altar
D:8:      layout_basic
D:9:      layout_loops_cross, xom_butterflies, erik_lair_island, serial_shops,
          shop, gammafunk_ghost_spectres
D:10:     layout_roguey, gammafunk_temple_overflow_statue, special_room
          [special_room_orc], corexii_corridor_pit
D:11:     layout_basic, david_orc_1_choice, xom_teletrap_fun, uniq_snorg
D:12:     minmay_general_purpose_star, layout_stronghold, ashenzari_altar_1
D:13:     layout_rooms
D:14:     layout_loops_ring, hangedman_vaults_entry_quadrant_bands,
          serial_undead, serial_undead_e, serial_undead_f, serial_undead_e,
          serial_undead_a
D:15:     grunt_enter_depths_magical_seal, layout_long_grid,
          nicolae_hepliaklqana_hippocampus, nemelex_xobeh_ov_fountains_minmay,
          uniq_azrael
Lair:1:   layout_small_grid, infiniplex_staircase_pool_2, grunt_megastairs_1
Lair:2:   layout_loops_ring, elwin_shoals_entry_rooms, serial_bayou,
          serial_bayou_crossing, serial_bayou_pond_c, serial_bayou_pond_e,
          serial_bayou_shore_a, kennysheep_abandoned_house
Lair:3:   layout_roguey, guppyfry_snake_entry_island
Lair:4:   layout_hall_layers, gammafunk_ghost_ooze, portal_ice_cave_entry_imps
Lair:5:   layout_loops_ring, slime_altar_1, beast_lair_carwin_1,
          lemuel_fruit_fields, grunt_megastairs_4
Lair:6:   grunt_lair_end_beastmaster, layout_loops_ring,
          gammafunk_ghost_abyssal_escape, hibernation_bobbens
Shoals:1: layout_shoals, nicolae_specific_store, nicolae_shoals_water_shrine
Shoals:2: layout_shoals
Snake:1:  layout_grid_maze, st_stairs_11, nicolae_snake_salamander_stairs,
          serial_bayou_shore_b, lemuel_fruit_tree
Snake:2:  layout_onion_interference, guppyfry_snake_island, minmay_shop_grove,
          uniq_asterion
Snake:3:  layout_honeycomb, ebering_ghost_inner_flame, nicolae_snake_lava_pool,
          minmay_shop_star, uniq_aizul, uniq_agnes, uniq_vashnia
Snake:4:  grunt_snake_rune_serpentine_throne, layout_cave_shapes,
          serial_bayou_shore_b, uniq_mara
Orc:1:    layout_diamond_mine, ebering_ghost_reflecting_pool,
          nicolae_orc_lava_room
Orc:2:    st_orc_elflike, layout_caves, basic_altar, serial_shops, shop,
          shop_statue, shop, uniq_nessos

Notes
Turn   | Place    | Note
-------+----------+-------------------------------------------
     0 | D:1      | mortz the Draconian Conjurer began the quest for the Orb.
     0 | D:1      | Reached XP level 1. HP: 14/14 MP: 3/3
     0 | D:1      | magus.rc [v1.9.6]
   350 | D:1      | Reached XP level 2. HP: 20/20 MP: 1/5
   358 | D:1      | Learned a level 2 spell: Searing Ray
   687 | D:1      | Found a faded altar of an unknown god.
   859 | D:1      | HP: 5/20 [gnoll/+0 whip (8)]
   864 | D:1      | Reached XP level 3. HP: 5/26 MP: 0/6
  1618 | D:2      | Reached skill level 5 in Conjurations
  1694 | D:2      | Noticed a scorpion
  1712 | D:2      | HP: 6/26 [poisoned by a scorpion]
  1715 | D:1      | Killed a scorpion
  1716 | D:1      | Reached skill level 2 in Dodging
  1716 | D:1      | Reached skill level 2 in Stealth
  1716 | D:1      | Reached XP level 4. HP: 4/33 MP: 0/7
  2034 | D:2      | Noticed Natasha
  2081 | D:2      | Killed Natasha
  2082 | D:2      | Reached XP level 5. HP: 31/38 MP: 2/8
  2606 | D:2      | Noticed Robin
  2609 | D:2      | Killed Robin
  2818 | D:2      | Noticed Natasha
  2824 | D:2      | Killed Natasha
  2825 | D:2      | Reached skill level 3 in Spellcasting
  2825 | D:2      | Reached skill level 6 in Conjurations
  3053 | D:2      | Noticed Natasha
  3203 | D:2      | Killed Natasha
  3758 | D:3      | Reached XP level 6. HP: 35/46 MP: 5/11
  4381 | D:3      | Found a stormy altar of Qazlal.
  4389 | D:3      | Became a worshipper of Qazlal Stormbringer
  5044 | D:4      | Reached skill level 4 in Spellcasting
  5235 | D:4      | Found an opulent altar of Gozag.
  5250 | D:4      | Noticed Grinder
  5271 | D:4      | Reached * piety under Qazlal
  5307 | D:4      | Your scales start taking on a dull iron-grey colour.
  5307 | D:4      | Reached XP level 7. HP: 40/51 MP: 4/13
  5976 | D:4      | Killed Grinder
  5977 | D:4      | Reached skill level 7 in Conjurations
  6070 | D:4      | Learned a level 4 spell: Iskenderun's Mystic Blast
  6099 | D:4      | Found a staircase to the Ecumenical Temple.
  6124 | D:5      | Entered Level 5 of the Dungeon
  6162 | D:5      | Reached skill level 5 in Spellcasting
  6218 | D:5      | Reached skill level 1 in Translocations
  6273 | D:5      | Reached XP level 8. HP: 58/58 MP: 9/16
  6293 | D:5      | Noticed Menkaure
  6302 | D:5      | Killed Menkaure
  6303 | D:5      | Reached skill level 3 in Stealth
  6405 | D:5      | Found a glowing drain.
  6409 | Sewer    | Entered a sewer
  6500 | Sewer    | Reached skill level 2 in Translocations
  6746 | Sewer    | Reached skill level 6 in Spellcasting
  6929 | Sewer    | Reached ** piety under Qazlal
  7164 | Sewer    | Reached skill level 8 in Conjurations
  7764 | D:5      | Reached skill level 1 in Invocations
  8483 | D:6      | Reached skill level 3 in Translocations
  8556 | D:6      | Found a glowing silver altar of Zin.
  8676 | D:6      | Found a shimmering blue altar of Sif Muna.
  8857 | D:6      | You pick up a book of Displacement and begin reading...
  8857 | D:6      | You add the spells Lesser Beckoning, Gell's Gravitas and
                  | Teleport Other to your library.
  9019 | D:6      | Found an ornate altar of the Wu Jian Council.
  9660 | D:7      | You pick up a book of Power and begin reading...
  9660 | D:7      | You add the spells Iskenderun's Battlesphere, Iron Shot and
                  | Spellforged Servitor to your library.
  9681 | D:7      | Reached XP level 9. HP: 63/63 MP: 7/18
  9873 | D:7      | Reached skill level 2 in Invocations
  9991 | D:7      | Reached skill level 9 in Conjurations
 10061 | D:7      | Reached skill level 1 in Fighting
 10231 | D:7      | You pick up a book of the Senses and begin reading...
 10231 | D:7      | You add the spells Agony and Silence to your library.
 10366 | D:7      | Reached skill level 3 in Invocations
 10434 | D:7      | Reached *** piety under Qazlal
 10564 | D:7      | Reached skill level 3 in Dodging
 10852 | D:7      | Found a burning altar of Makhleb.
 11024 | D:8      | Noticed a gargoyle
 11087 | D:8      | Killed a gargoyle
 11088 | D:8      | Reached skill level 7 in Spellcasting
 11088 | D:8      | Reached skill level 4 in Invocations
 11462 | D:8      | Reached skill level 4 in Translocations
 11465 | D:8      | Reached XP level 10. HP: 71/71 MP: 10/20
 11716 | D:8      | Reached skill level 1 in Axes
 12097 | D:8      | Reached skill level 5 in Invocations
 12109 | D:8      | Reached skill level 4 in Stealth
 12117 | D:8      | Reached skill level 1 in Polearms
 12123 | D:8      | Reached skill level 10 in Conjurations
 12353 | D:9      | Noticed a two-headed ogre
 12353 | D:9      | Found a shimmering altar of Xom.
 12600 | D:9      | Reached skill level 4 in Dodging
 12706 | D:8      | Reached skill level 1 in Shields
 12772 | D:9      | Reached skill level 2 in Polearms
 12868 | D:9      | Reached **** piety under Qazlal
 12869 | D:9      | Reached skill level 5 in Translocations
 13019 | D:9      | Killed a two-headed ogre
 13020 | D:9      | Reached skill level 2 in Fighting
 13070 | D:9      | Found a staircase to the Lair.
 13119 | D:9      | You pick up a book of the Hunter and begin reading...
 13119 | D:9      | You add the spells Call Canine Familiar, Portal Projectile
                  | and Leda's Liquefaction to your library.
 13126 | D:9      | Learned a level 5 spell: Iskenderun's Battlesphere
 13391 | D:9      | Found a runed translucent gate.
 13391 | D:9      | Found a runed translucent gate.
 13391 | D:9      | Found a runed translucent gate.
 13391 | D:9      | Noticed Chani's ghost (novice MiFi)
 13460 | D:9      | You pick up a book of the Hunter and begin reading...
 13576 | D:9      | Reached skill level 1 in Earth Magic
 13647 | D:9      | Reached skill level 3 in Polearms
 13724 | D:9      | Found Fokuto Bazec's Book Emporium.
 13914 | D:9      | Reached skill level 8 in Spellcasting
 14206 | D:10     | Entered Level 10 of the Dungeon
 14254 | D:10     | Reached skill level 2 in Earth Magic
 14620 | D:10     | Reached ***** piety under Qazlal
 14730 | D:10     | You pick up a book of Scorching and begin reading...
 14730 | D:10     | You add the spells Scorch, Flame Wave and Summon Cactus
                  | Giant to your library.
 14768 | D:10     | Reached XP level 11. HP: 79/79 MP: 14/23
 14873 | D:10     | Noticed a two-headed ogre
 14883 | D:10     | Killed a two-headed ogre
 14984 | D:10     | Reached skill level 3 in Earth Magic
 15246 | D:10     | Reached skill level 11 in Conjurations
 15389 | D:10     | Reached skill level 5 in Dodging
 15743 | D:10     | Noticed a two-headed ogre
 15748 | D:10     | Killed a two-headed ogre
 15749 | D:10     | Reached skill level 4 in Earth Magic
 15950 | D:10     | Found a snail-covered altar of Cheibriados.
 15950 | D:10     | Found a shadowy altar of Dithmenos.
 15955 | D:10     | magus.rc [v1.9.6]
 16054 | Lair:1   | Entered Level 1 of the Lair of Beasts
 16069 | Lair:1   | Reached skill level 2 in Shields
 16219 | Lair:1   | Noticed a four-headed hydra
 16241 | Lair:1   | Killed a four-headed hydra
 16242 | Lair:1   | Reached skill level 4 in Polearms
 16455 | Lair:1   | Reached skill level 5 in Earth Magic
 16576 | Lair:1   | Reached skill level 3 in Fighting
 16576 | Lair:1   | Reached skill level 9 in Spellcasting
 16871 | Lair:1   | You pick up a book of Rime and begin reading...
 16871 | Lair:1   | You add the spells Frozen Ramparts, Ice Form and Summon Ice
                  | Beast to your library.
 17614 | Lair:2   | Noticed a catoblepas
 17627 | Lair:2   | Killed a catoblepas
 17628 | Lair:2   | Reached skill level 5 in Polearms
 17628 | Lair:2   | Reached XP level 12. HP: 89/89 MP: 9/25
 17836 | Lair:2   | Noticed a seven-headed hydra
 17845 | Lair:2   | Killed a seven-headed hydra
 18093 | Lair:2   | Noticed a five-headed hydra
 18098 | Lair:2   | Killed a five-headed hydra
 18099 | Lair:2   | Reached skill level 6 in Earth Magic
 18433 | Lair:2   | Found a staircase to the Shoals.
 19605 | Lair:3   | Found a staircase to the Snake Pit.
 20192 | Lair:4   | Reached skill level 12 in Conjurations
 20197 | Lair:4   | Reached ****** piety under Qazlal
 20419 | Lair:4   | Reached skill level 10 in Spellcasting
 20420 | Lair:4   | Reached skill level 6 in Dodging
 20420 | Lair:4   | Reached skill level 3 in Shields
 20603 | Lair:4   | Reached skill level 4 in Fighting
 20604 | Lair:4   | Reached skill level 7 in Earth Magic
 20625 | Lair:4   | Noticed a six-headed hydra
 20706 | Lair:4   | Noticed an eight-headed hydra
 20730 | Lair:4   | Found a runed translucent gate.
 20731 | Lair:4   | Found a runed translucent gate.
 20731 | Lair:4   | Noticed an azure jelly
 20732 | Lair:4   | Found a runed translucent gate.
 20732 | Lair:4   | Noticed an acid blob
 20732 | Lair:4   | Noticed an azure jelly
 20734 | Lair:4   | Noticed an acid blob
 20734 | Lair:4   | Noticed a rockslime
 20734 | Lair:4   | Noticed an acid blob
 20734 | Lair:4   | Noticed an acid blob
 20734 | Lair:4   | Noticed an azure jelly
 20735 | Lair:4   | Noticed an azure jelly
 20735 | Lair:4   | Noticed Brotato's ghost (journeyman DjCj)
 20735 | Lair:4   | Noticed a great orb of eyes
 20736 | Lair:4   | Noticed an acid blob
 20736 | Lair:4   | Noticed an azure jelly
 20748 | Lair:4   | Killed an eight-headed hydra
 20887 | Lair:4   | Noticed a five-headed hydra
 20894 | Lair:4   | Killed a five-headed hydra
 20964 | Lair:4   | Noticed a six-headed hydra
 21131 | Lair:4   | Killed a six-headed hydra
 21278 | Lair:4   | Killed a six-headed hydra
 21279 | Lair:4   | Reached XP level 13. HP: 97/97 MP: 5/27
 21932 | Lair:4   | Found a viscous altar of Jiyva.
 22655 | Lair:5   | You fall into a shaft and drop 1 floor!
 22655 | Lair:6   | Entered Level 6 of the Lair of Beasts
 22772 | Lair:6   | Reached skill level 11 in Spellcasting
 22787 | Lair:6   | Reached skill level 8 in Earth Magic
 23074 | Lair:5   | magus.rc [v1.9.6]
 23283 | Lair:5   | Reached skill level 6 in Polearms
 23283 | Lair:5   | Reached skill level 13 in Conjurations
 23641 | Lair:4   | HP: 24/99 [death yak (15)]
 23665 | Lair:4   | Reached skill level 4 in Shields
 24000 | Lair:5   | Identified the ring of the Present {rPois rF+ rC+ Str+3
                  | Dex-5}
 24020 | Lair:5   | Found a viscous altar of Jiyva.
 24020 | Lair:5   | Found a staircase to the Slime Pits.
 24038 | Lair:5   | You pick up a book of Conjurations {@e2} and begin
                  | reading...
 24101 | Lair:5   | Reached skill level 6 in Invocations
 24645 | Lair:5   | You pick up a book of Armaments and begin reading...
 24645 | Lair:5   | You add the spells Stone Arrow and Lehudib's Crystal Spear
                  | to your library.
 24659 | Lair:5   | Learned a level 6 spell: Iron Shot
 25160 | Lair:6   | Reached skill level 9 in Earth Magic
 25245 | Lair:6   | Found a transporter.
 25248 | Lair:6   | Found a one-way gate to the infinite horrors of the Abyss.
 25248 | Lair:6   | Noticed Saoll's ghost (journeyman TeWn)
 25545 | Lair:6   | Found a transporter.
 25996 | Lair:6   | Reached skill level 7 in Invocations
 26129 | Lair:6   | Reached skill level 12 in Spellcasting
 26275 | Lair:6   | Reached XP level 14. HP: 105/105 MP: 19/30
 26807 | Lair:6   | magus.rc [v1.9.6]
 26942 | D:9      | HP: 19/105 [freezing wraith (18)]
 27278 | D:9      | Killed Chani's ghost
 27391 | D:9      | You pick up a book of Geomancy and begin reading...
 27391 | D:9      | You add the spells Sandblast and Passwall to your library.
 27395 | D:9      | Learned a level 2 spell: Passwall
 27739 | D:11     | Found a shimmering altar of Xom.
 27794 | D:11     | You pick up a book of Displacement and begin reading...
 27981 | D:11     | Noticed Snorg
 27990 | D:11     | Killed Snorg
 28122 | D:11     | magus.rc [v1.9.6]
 28197 | D:11     | Found a staircase to the Orcish Mines.
 28394 | D:11     | Identified a scroll of acquirement
 28875 | D:11     | Acquired the Handbook of Dusty Battle Magic
 28876 | D:11     | You add the spells Hailstorm, Lee's Rapid Deconstruction,
                  | Starburst and Chain Lightning to your library.
 28883 | D:11     | Learned a level 5 spell: Lee's Rapid Deconstruction
 28938 | D:12     | Reached skill level 7 in Dodging
 29445 | D:12     | Reached skill level 14 in Conjurations
 30093 | D:12     | Found a broken altar of Ashenzari.
 30290 | Orc:1    | Entered Level 1 of the Orcish Mines
 31183 | Orc:1    | Found a runed translucent door.
 31185 | Orc:1    | Noticed rabbi's ghost (journeyman MiBe)
 31226 | Orc:1    | Killed rabbi's ghost
 31372 | Orc:1    | You pick up a book of the Hunter and begin reading...
 31476 | Orc:2    | Entered Level 2 of the Orcish Mines
 31476 | Orc:2    | Found Qoimo's Antique Weapon Emporium.
 31702 | Orc:2    | Reached skill level 10 in Earth Magic
 31710 | Orc:2    | Reached skill level 8 in Invocations
 31829 | Orc:2    | Noticed Nessos
 32110 | Orc:2    | Killed Nessos
 32434 | Orc:2    | Reached skill level 5 in Shields
 33185 | Orc:2    | Reached skill level 13 in Spellcasting
 33655 | Orc:2    | Found Ushiedon's Antique Armour Shoppe.
 33655 | Orc:2    | Found Mixed's Book Shoppe.
 33656 | Orc:2    | Found Tiullisch's Antique Weapon Boutique.
 33656 | Orc:2    | Found Jeramont's Weapon Boutique.
 33663 | Orc:2    | Bought an embroidered cloak for 180 gold pieces
 33832 | Orc:2    | Found Uceq's Distillery.
 33833 | Orc:2    | Found Lyiwn's General Store.
 33840 | Orc:2    | Bought a potion of magic for 112 gold pieces
 33840 | Orc:2    | Bought a potion of magic for 112 gold pieces
 33954 | Orc:2    | Found a staircase to the Elven Halls.
 34038 | Orc:2    | magus.rc [v1.9.6]
 34173 | D:9      | Bought a book of Annihilations for 1020 gold pieces
 34173 | D:9      | You pick up a book of Annihilations and begin reading...
 34173 | D:9      | You add the spells Fire Storm and Shatter to your library.
 35098 | D:13     | Reached XP level 15. HP: 112/112 MP: 5/32
 35575 | D:13     | magus.rc [v1.9.6]
 35593 | D:14     | Reached skill level 5 in Fighting
 35918 | D:14     | Reached skill level 15 in Conjurations
 36331 | D:14     | Identified the +4 mace of Okawaru's Esteem {vamp, Str+4}
 36338 | D:14     | Reached skill level 11 in Earth Magic
 36487 | D:14     | Reached skill level 9 in Invocations
 37298 | D:14     | magus.rc [v1.9.6]
 37695 | D:14     | Found a gate to the Vaults.
 38019 | Orc:2    | Bought a bloodstained quarterstaff for 288 gold pieces
 38019 | Orc:2    | Identified the +0 quarterstaff of Fimbulwinter {vorpal,
                  | rPois rN+} (You bought it in a shop on level 2 of the
                  | Orcish Mines)
 38121 | D:15     | Entered Level 15 of the Dungeon
 38121 | D:15     | Noticed Azrael
 38146 | D:14     | Killed Azrael
 38824 | D:15     | Reached skill level 14 in Spellcasting
 39069 | D:14     | Learned a level 4 spell: Hailstorm
 39094 | D:15     | Reached skill level 12 in Earth Magic
 39140 | D:15     | Reached skill level 6 in Shields
 39304 | D:15     | Found a sparkling altar of Nemelex Xobeh.
 39776 | D:15     | Found a hazy altar of Hepliaklqana.
 39856 | D:15     | Found a staircase to the Depths.
 40162 | Snake:1  | Entered Level 1 of the Snake Pit
 40181 | Snake:1  | Reached skill level 10 in Invocations
 40181 | Snake:1  | Reached XP level 16. HP: 116/119 MP: 20/34
 40565 | Snake:1  | You fall into a shaft and drop 1 floor!
 40565 | Snake:2  | Noticed Asterion
 40936 | Snake:1  | Reached skill level 5 in Stealth
 41651 | Snake:1  | Reached skill level 8 in Dodging
 41652 | Snake:1  | Reached skill level 13 in Earth Magic
 41830 | Snake:1  | Reached skill level 16 in Conjurations
 42700 | Snake:2  | HP: 13/119 [naga warrior/+0 trident (35)]
 42702 | Snake:1  | HP: 2/119 [poisoned by a naga mage (bolt of poison)]
 43088 | Snake:1  | HP: 20/119 [naga warrior/+0 scimitar (33)]
 44180 | Snake:2  | Reached skill level 11 in Invocations
 44412 | Snake:2  | Reached skill level 15 in Spellcasting
 44600 | Snake:2  | HP: 24/119 [salamander/+1 trident (10)]
 45032 | Snake:2  | Found Zeuf's Jewellery Emporium.
 45032 | Snake:2  | Found Foywnom's Book Shop.
 45033 | Snake:2  | Found Maqaafu's Jewellery Emporium.
 45150 | Snake:2  | You pick up a book of Sloth and begin reading...
 45150 | Snake:2  | You add the spells Petrify, Metabolic Englaciation and
                  | Statue Form to your library.
 45321 | Snake:2  | Noticed an Executioner
 45330 | Snake:2  | Gained mutation: Your body sometimes deteriorates upon
                  | taking damage. [a cacodemon]
 45337 | Snake:2  | Gained mutation: You tend to lose your temper in combat. [a
                  | cacodemon]
 45375 | Snake:2  | HP: 18/116 [Asterion/+2 demon trident of draining (29)]
 45854 | Snake:2  | Bought the ring "Ysuerhof" {Wiz rF+ Int+4} for 943 gold
                  | pieces
 45860 | Snake:2  | magus.rc [v1.9.6]
 46091 | Snake:3  | Noticed Aizul
 46099 | Snake:3  | Killed Aizul
 46143 | Snake:3  | Noticed Vashnia
 46153 | Snake:3  | Killed Vashnia
 46748 | Snake:3  | Found Apusuk's Distillery.
 46759 | Snake:3  | Noticed Agnes
 46774 | Snake:3  | Killed Agnes
 46775 | Snake:3  | Reached XP level 17. HP: 62/126 MP: 26/36
 47491 | Snake:3  | Found a runed translucent door.
 47492 | Snake:3  | Noticed Oschi's ghost (adept DDFi)
 47755 | Snake:3  | Reached skill level 14 in Earth Magic
 48219 | Snake:3  | Identified the +1 plate armour of the Amoeba {+Inv rElec
                  | Str+4 Dex+2 SInv}
 48748 | Snake:3  | Bought a potion of brilliance for 44 gold pieces
 48748 | Snake:3  | Bought a potion of curing for 33 gold pieces
 48758 | Snake:4  | Entered Level 4 of the Snake Pit
 48888 | Snake:4  | Noticed Mara
 48889 | Snake:3  | HP: 28/126 [poisoned by a naga mage (splash of poison)]
 48894 | Snake:2  | HP: 24/126 [poisoned by a naga mage (splash of poison)]
 49465 | Snake:2  | HP: 9/126 [Oschi's ghost (26)]
 49472 | Snake:2  | Killed Oschi's ghost
 49990 | Snake:4  | Reached skill level 17 in Conjurations
 50329 | Snake:3  | Killed Mara
 50554 | Snake:4  | Reached skill level 16 in Spellcasting
 50560 | Snake:4  | Reached skill level 1 in Evocations
 51126 | Snake:3  | magus.rc [v1.9.6]
 51589 | Snake:4  | Reached skill level 15 in Earth Magic
 51851 | Snake:4  | HP: 25/126 [black mamba (8)]
 51860 | Snake:4  | HP: 20/126 [shock serpent/bolt of electricity (5)]
 52753 | Snake:4  | Reached XP level 18. HP: 133/133 MP: 15/38
 52865 | Snake:3  | HP: 33/133 [poisoned by a nagaraja (splash of poison)]
 52870 | Snake:3  | HP: 29/133 [poisoned by a nagaraja (splash of poison)]
 53210 | Snake:4  | Reached skill level 9 in Dodging
 53410 | Snake:4  | Got a serpentine rune of Zot
 53679 | Shoals:1 | Entered Level 1 of the Shoals
 53764 | Shoals:1 | You fall into a shaft and drop 1 floor!
 53816 | Shoals:1 | HP: 20/133 [faun/sling bullet (15)]
 54569 | Shoals:1 | Reached skill level 17 in Spellcasting
 54632 | Lair:2   | magus.rc [v1.9.6]
 54662 | Shoals:1 | Found Kuzoij's Specific Store.
 54667 | Shoals:1 | Found Uwkiggowk's General Store.
 54691 | Shoals:1 | Reached skill level 18 in Conjurations
 55043 | Shoals:1 | Reached skill level 16 in Earth Magic
 55391 | Shoals:1 | magus.rc [v1.9.6]
 55410 | Shoals:2 | HP: 22/133 [wind drake/the air (13)]
 55410 | Shoals:2 | HP: 3/133 [merfolk/+0 trident (19)]
 55410 | Shoals:2 | Killed from afar by a water nymph

Vanquished Creatures
  Mara (Snake:3)
  Vashnia (Snake:3)
  The ghost of Oschi the Bringer of Life, an adept DDFi of Elyvilon (Snake:2)
  Agnes (Snake:3)
  A kraken (Shoals:1)
  7 nagarajas
  Aizul (Snake:3)
  Nessos (Orc:2)
  Azrael (D:14)
  Snorg (D:11)
  A merfolk impaler (Shoals:1)
  A merfolk javelineer (Shoals:1)
  The ghost of rabbi the Carver, a journeyman MiBe of Trog (Orc:1)
  13 hydras
  4 salamander tyrants
  A boulder beetle (D:13)
  20 naga warriors
  2 merfolk avatars (Shoals:1)
  4 ogre magi
  8 centaur warriors
  16 anacondas
  2 catoblepae
  4 merfolk aquamancers (Shoals:1)
  20 two-headed ogres
  9 death yaks
  14 naga sharpshooters
  A deep troll shaman (Lair:6)
  3 orc high priests (Orc:2)
  The ghost of Chani the Protected, a novice MiFi of Qazlal (D:9)
  6 salamander mystics
  10 shock serpents
  5 skeletal warriors
  4 sea snakes
  A wizard (D:15)
  A lindwurm (Lair:6)
  12 naga ritualists
  A deep elf archer (D:14)
  2 deep elf zephyrmancers (D:14)
  A necromancer (D:15)
  8 orc knights
  15 mana vipers
  5 deep elf pyromancers
  4 manticores
  3 ugly things
  A wolf spider (D:15)
  8 orc sorcerers
  22 salamanders
  11 fauns (Shoals:1)
  11 elephants
  5 cyclopes
  6 water nymphs
  11 guardian serpents
  2 merfolk sirens (Shoals:1)
  3 gargoyles
  14 naga magi
  45 black mambas
  8 cane toads
  5 kobold demonologists (D:12)
  A yaktaur (D:15)
  6 freezing wraiths
  10 komodo dragons
  2 efreet
  2 rime drakes
  A redback zombie (D:14)
  2 guardian mummies (D:14)
  5 trolls
  5 polar bears
  9 merfolk
  A hornet (D:9)
  Grinder (D:4)
  A wolf spider simulacrum (D:14)
  2 harpy skeletons (D:14)
  5 slime creatures
  A meliai zombie (D:10)
  6 dream sheep (Lair:6)
  2 shadows
  A vampire (D:11)
  6 water elementals (Shoals:1)
  4 wraiths
  A wyvern (Lair:3)
  44 yaks
  6 basilisks
  4 fire elementals (D:15)
  8 vampire mosquitoes
  Menkaure (D:5)
  43 nagas
  2 wargs
  16 water moccasins
  An acid dragon (D:9)
  A hornet zombie (D:14)
  28 orc warriors
  2 sky beasts
  3 boggarts (D:15)
  13 ogres
  A black bear (Lair:3)
  17 wolves
  A phantom (D:5)
  11 centaurs
  6 kobold brigands
  13 bullfrogs
  2 gnoll sergeants
  3 scorpions
  A water moccasin skeleton (D:5)
  2 wyvern skeletons
  29 killer bees
  7 wights (D:10)
  4 electric eels
  2 howler monkeys
  11 centaur zombies
  A bullfrog zombie (D:5)
  2 hounds
  29 orc priests
  5 centaur skeletons
  3 iron imps (D:7)
  Natasha (thrice) (D:2)
  25 orc wizards
  5 hell rats (Lair:2)
  A killer bee zombie (D:8)
  2 mummies (D:14)
  2 howler monkey zombies
  Robin (D:2)
  10 gnolls
  10 adders
  6 river rats
  A shadow imp (D:5)
  14 white imps
  2 ufetubi
  An adder zombie (D:5)
  A worm (D:5)
  3 dart slugs (D:1)
  97 orcs
  11 endoplasms
  2 giant cockroaches
  6 hobgoblins
  6 jackals
  6 quokkas
  17 ball pythons
  7 bats
  6 frilled lizards
  14 goblins
  17 kobolds
  15 rats
  4 butterflies
  4 tentacles (Shoals:1)
1066 creatures vanquished.

Vanquished Creatures (collateral kills)
  A nagaraja (Snake:4)
  A naga ritualist (Snake:4)
  A komodo dragon (Lair:5)
3 creatures vanquished.

Vanquished Creatures (others)
  An orc wizard (D:7)
  44 fungi
  84 plants
  5 tentacles (Shoals:1)
  3 withered plants (D:14)
137 creatures vanquished.

Grand Total: 1206 creatures vanquished

Table legend:
 A = Non-vault XP
 B = Vault XP
 C = Vault XP percentage of total XP
 D = Non-vault monster count
 E = Vault monster count
 F = Vault count percentage of total count
                 A         B        C        D         E       F
            +---------+---------+-------+---------+---------+-------
      Total |  214928 |  108252 |  33.5 |     755 |     307 |  28.9
            +---------+---------+-------+---------+---------+-------
        D:1 |      55 |      83 |  60.1 |      22 |       3 |  12.0
        D:2 |     122 |      71 |  36.8 |      26 |      12 |  31.6
        D:3 |     126 |       0 |   0.0 |      23 |       0 |   0.0
        D:4 |     333 |     281 |  45.8 |      26 |       1 |   3.7
        D:5 |     745 |     198 |  21.0 |      16 |       8 |  33.3
        D:6 |     320 |       0 |   0.0 |       8 |       0 |   0.0
        D:7 |    1618 |     119 |   6.9 |      29 |       3 |   9.4
        D:8 |    2686 |     111 |   4.0 |      30 |       1 |   3.2
        D:9 |    2102 |    3262 |  60.8 |      26 |      13 |  33.3
       D:10 |    5106 |     646 |  11.2 |      32 |      27 |  45.8
       D:11 |    3634 |    1364 |  27.3 |      10 |      10 |  50.0
       D:12 |    4108 |     595 |  12.7 |      13 |       1 |   7.1
       D:13 |    6915 |       0 |   0.0 |      19 |       0 |   0.0
       D:14 |    9031 |   14375 |  61.4 |      16 |      35 |  68.6
       D:15 |   19174 |    4996 |  20.7 |      39 |      12 |  23.5
     Lair:1 |    5260 |     306 |   5.5 |      20 |       1 |   4.8
     Lair:2 |    3621 |     622 |  14.7 |       9 |      12 |  57.1
     Lair:3 |    3050 |     483 |  13.7 |      17 |       3 |  15.0
     Lair:4 |    9006 |    2559 |  22.1 |      21 |      15 |  41.7
     Lair:5 |    5505 |    2939 |  34.8 |      21 |       6 |  22.2
     Lair:6 |    7702 |    9264 |  54.6 |      24 |      18 |  42.9
   Shoals:1 |   19147 |    3996 |  17.3 |      36 |       8 |  18.2
   Shoals:2 |    1047 |       0 |   0.0 |       3 |       0 |   0.0
    Snake:1 |   28225 |    3415 |  10.8 |      53 |       6 |  10.2
    Snake:2 |   19069 |    3560 |  15.7 |      39 |       4 |   9.3
    Snake:3 |   10969 |   18185 |  62.4 |      22 |      17 |  43.6
    Snake:4 |   36725 |   26355 |  41.8 |      66 |      38 |  36.5
      Orc:1 |    6019 |     885 |  12.8 |      41 |       1 |   2.4
      Orc:2 |    3508 |    9286 |  72.6 |      48 |      26 |  35.1
      Sewer |       0 |     296 | 100.0 |       0 |      26 | 100.0
            +---------+---------+-------+---------+---------+-------

Illustrated notes

Table legend:
 A = Kills in this place as a percentage of kills in entire the game.
 B = Kills by you in this place as a percentage of kills by you in the entire game.
 C = Kills by friends in this place as a percentage of kills by friends in the entire game.
 D = Other kills in this place as a percentage of other kills in the entire game.
 E = Experience gained in this place as a percentage of experience gained in the entire game.
 F = Experience gained in this place divided by the number of levels of this place that you have seen.
                   A       B       C       D       E      F
               +-------+-------+-------+-------+-------+----------------------
         Total | 100.0 | 100.0 | 100.0 | 100.0 | 100.0 | 10772.7
       Dungeon |  43.4 |  43.5 |   0.0 | 100.0 |  25.4 | 5478.4
          Lair |  15.7 |  15.7 |  33.3 |   0.0 |  15.6 | 8386.2
        Shoals |   4.4 |   4.4 |   0.0 |   0.0 |   7.5 | 12095.0
     Snake Pit |  23.1 |  23.0 |  66.7 |   0.0 |  45.3 | 36625.8
  Orcish Mines |  10.9 |  11.0 |   0.0 |   0.0 |   6.1 | 9849.0
         Sewer |   2.4 |   2.5 |   0.0 |   0.0 |   0.1 | 296.0
               +-------+-------+-------+-------+-------+----------------------

Table legend: (Time is in decaauts)
 A = Elapsed time spent in this place.
 B = Non-inter-level travel time spent in this place.
 C = Inter-level travel time spent in this place.
 D = Time resting spent in this place.
 E = Time spent auto-exploring this place.
 F = Levels seen in this place.
 G = Mean time per level.
                   A        B        C        D        E       F      G
               +--------+--------+--------+--------+--------+-----+--------+
         Total |  55567 |  52748 |   2819 |  15989 |  27471 |  30 | 1852.2 |
       Dungeon |  24939 |  23461 |   1478 |   4332 |  16126 |  15 | 1662.6 |
          Lair |  11832 |  11285 |    547 |   3475 |   5997 |   6 | 1972.0 |
        Shoals |   1242 |   1227 |     15 |    354 |    131 |   2 |  621.0 |
     Snake Pit |  12910 |  12289 |    621 |   6743 |   2677 |   4 | 3227.5 |
  Orcish Mines |   3665 |   3509 |    156 |   1025 |   1811 |   2 | 1832.5 |
         Sewer |    977 |    977 |      0 |     59 |    729 |   1 |  977.0 |
               +--------+--------+--------+--------+--------+-----+--------+

Top non-repeatable levels by time:
 Snake:1: 4088 daAuts
 Snake:3: 3855 daAuts
    D:14: 3025 daAuts
 Snake:2: 2956 daAuts
  Lair:4: 2580 daAuts
  Lair:3: 2228 daAuts
  Lair:6: 2206 daAuts
     D:9: 2068 daAuts
 Snake:4: 2010 daAuts
  Lair:2: 2005 daAuts
   Orc:1: 1947 daAuts
    D:11: 1944 daAuts
     D:1: 1885 daAuts
    D:10: 1811 daAuts
    D:12: 1771 daAuts
